 Dungeon Crawl Stone Soup version 0.19.3 (webtiles) character file.

127 theAP the Charlatan (level 5, -1/32 HPs)
             Began as a Gargoyle Artificer on Jan 24, 2017.
             Slain by theAP's ghost (6 damage)
             ... on level 3 of the Dungeon.
             The game lasted 00:05:14 (2353 turns).

theAP the Charlatan (Gargoyle Artificer)            Turns: 2353, Time: 00:05:15

Health: -1/32      AC:  9    Str: 17    XL:     5   Next: 11%
Magic:  7/7        EV: 11    Int: 11    God:
Gold:   80         SH:  0    Dex: 10    Spells: 0 memorised, 4 levels left

rFire  . . .     SeeInvis .     k - +1 whip
rCold  . . .     Gourm    .     h - +0 ring mail
rNeg   + . .     Faith    .     (no shield)
rPois  ∞         Spirit   .     (no helmet)
rElec  +         Reflect  .     (no cloak)
rCorr  .         Harm     .     (no gloves)
MR     .....                    (no boots)
Stlth  +.........               (no amulet)
                                (no ring)
                                (no ring)

@: no status effects
A: mutation resistance 1, negative energy resistance 1, electricity resistance,
unbreathing, petrification resistance, rot immunity, AC +4
a: no special abilities


You were on level 3 of the Dungeon.
You were not hungry.

You visited 1 branch of the dungeon, and saw 3 of its levels.

You collected 80 gold pieces.

Inventory:

Hand Weapons
 a - a +0 short sword
 k - a +1 whip (weapon)
Armour
 b - a +0 leather armour
 h - a +0 ring mail (worn)
Wands
 c - a wand of flame (13/48)
 d - a wand of enslavement (12/24)
 e - a wand of random effects (13/48)
Scrolls
 g - a scroll of enchant armour {unknown}
 i - a scroll of fear
 j - 2 scrolls of immolation
 l - 2 scrolls of remove curse
Potions
 o - a potion of flight
 q - a potion of cure mutation
Comestibles
 f - 4 bread rations
 m - a chunk of flesh


   Skills:
 + Level 3.3 Fighting
 - Level 0.8 Short Blades
 + Level 2.1 Maces & Flails
 - Level 1.5 Dodging
 - Level 1.1 Stealth
 + Level 3.6 Evocations


You had 4 spell levels left.
You didn't know any spells.

Dungeon Overview and Level Annotations

Branches:
Dungeon (3/15)

Altars:
Xom

Annotations:
D:3 theAP's ghost, amateur GrAr


Innate Abilities, Weirdness & Mutations

You are resistant to torment.
Your stone body is resilient. (AC +4)
You are immune to poison.
You resist negative energy. (rN+)
You are resistant to electric shocks. (rElec)
You can survive without breathing.
You are immune to petrification.
You are immune to rotting.
You are somewhat resistant to further mutation.


Message History

TheAP's ghost is severely damaged.
TheAP's ghost hits you.
* * * LOW HITPOINT WARNING * * *
You closely miss theAP's ghost.
TheAP's ghost is severely damaged.
TheAP's ghost closely misses you.
You closely miss theAP's ghost.
TheAP's ghost is severely damaged.
TheAP's ghost barely misses you.
You hit theAP's ghost.
TheAP's ghost is severely damaged.
TheAP's ghost hits you.
* * * LOW HITPOINT WARNING * * *
You hit theAP's ghost but do no damage.
TheAP's ghost is severely damaged.
TheAP's ghost hits you but does no damage.
You closely miss theAP's ghost.
TheAP's ghost is severely damaged.
TheAP's ghost hits you.
You die...

##...≈## #.............###.#.
#..#≈#.## ....#..##†..##....
###.#.#.#######.##...........##
#.≈###.#...##............##.##
#.≈(.≈≈⌠##.##......###......#
#...⌠..≈≈..#.......# #.#.####
#.#.≈≈⌠)##.##......###.#.######
#≈≈.⌠...≈..###W###.............
#≈≈.#≈†..)((.#@###.############
#...≈.⌠##(##.......#
#..#⌠#########..##.#
#.≈#.#..≈≈.###..##.#
##_≈...#.#≈#....##.#
##≈###..#.####..##.#####
##..#.≈≈..# #..##.....#
##.≈≈≈..## #.....##### ###≈#)##
#.###.#


You could see theAP's ghost.

Vanquished Creatures
  6 adders
  An ooze (D:1)
  2 dart slugs
  2 leopard geckos (D:2)
  3 giant cockroaches
  13 goblins
  8 hobgoblins
  3 jackals (D:1)
  8 kobolds
  A ball python (D:1)
  3 bats
  4 frilled lizards
  7 rats
61 creatures vanquished.

Vanquished Creatures (others)
  A dart slug (D:1)
  A hobgoblin (D:1)
  A jackal (D:1)
3 creatures vanquished.

Grand Total: 64 creatures vanquished

Notes
Turn   | Place    | Note
-------+----------+-------------------------------------------
     0 | D:1      | theAP the Gargoyle Artificer began the quest for the Orb.
     0 | D:1      | Reached XP level 1. HP: 12/12 MP: 2/2
   103 | D:1      | Reached XP level 2. HP: 12/17 MP: 2/4
   666 | D:1      | Reached XP level 3. HP: 14/22 MP: 5/5
   887 | D:1      | Reached skill level 1 in Maces & Flails
  1235 | D:2      | Reached XP level 4. HP: 23/27 MP: 6/6
  1989 | D:2      | Gained mutation: You are somewhat resistant to further mutation. [potion of mutation]
  2200 | D:3      | Reached XP level 5. HP: 29/32 MP: 7/7
  2297 | D:3      | Found a shimmering altar of Xom.
  2327 | D:3      | Noticed theAP's ghost (amateur GrAr)
  2353 | D:3      | Slain by theAP's ghost

Skill      XL: |  1  2  3  4 |
---------------+-------------+-----
Evocations     | 3 |  3.6
Fighting       | 2 3 |  3.3
Maces & Flails | 1 2 |  2.1
Short Blades   | |  0.8
Dodging        | |  1.5
Stealth        | |  1.1

Action                   |  1- 3 |  4- 6 || total
-------------------------+-------+-------++-------
Melee: Short sword       |    37 |       ||    37
       Whip              |   109 |   175 ||   284
Evoke: Wand              |     5 |     2 ||     7
  Use: Scroll            |       |     8 ||     8
       Potion            |       |     2 ||     2
  Eat: Chunk             |     1 |     4 ||     5
Armor: Leather armour    |     3 |       ||     3
       Ring mail         |    82 |    68 ||   150
Dodge: Dodged            |    89 |    99 ||   188
